 Dungeon Crawl Stone Soup version 0.30-a0-859-gf88a04b62d (webtiles) character file.

Game seed: 1549630031484792014

642 Dittersdorf the Covered (level 7, -8/44 HPs)
             Began as a Gargoyle Fighter on Mar 6, 2023.
             Killed from afar by Ijyb (12 damage)
             ... with a bolt of acid
             ... on level 5 of the Dungeon.
             The game lasted 00:03:37 (3824 turns).

Dittersdorf the Covered (Gargoyle Fighter)          Turns: 3824, Time: 00:03:38

Health: -8/44      AC:  5    Str: 22    XL:     7   Next: 51%
Magic:  7/7        EV:  9    Int:  8    God:
Gold:   177        SH:  9    Dex:  9    Spells: 6/6 levels left

rFire   . . .      SeeInvis +    a - +0 flail
rCold   . . .      Faith    .    c - +0 buckler
rNeg    + . .      Spirit   .    b - +0 scale mail
rPois   ∞          Reflect  +    (no helmet)
rElec   +          Rampage  .    q - +0 cloak
rCorr   .                        (no gloves)
Will    .....                    (no boots) Stlth
                                 g - amulet of reflection
HPRegen 0.27/turn                t - ring of see invisible
MPRegen 0.10/turn                (no ring)

@: corroded
A: sickness immunity, AC +4, negative energy resistance 1, electricity
resistance, torment resistance 1, petrification resistance
a: no special abilities


You were on level 5 of the Dungeon.
You visited 1 branch of the dungeon, and saw 5 of its levels.

You collected 177 gold pieces.

Inventory:

Hand Weapons
 a - a +0 flail (weapon)
Missiles
 l - 4 curare-tipped darts (quivered)
Armour
 b - a +0 scale mail (worn)
 c - a +0 buckler (worn)
 q - a +0 cloak (worn)
Jewellery
 g - an amulet of reflection (around neck)
 t - a ring of see invisible (left hand)
Scrolls
 e - 9 scrolls of identify {unknown}
 h - 2 scrolls of immolation {unknown}
 j - 3 scrolls of teleportation {unknown}
 k - a scroll of vulnerability {unknown}
 m - 2 scrolls of enchant armour {unknown}
 r - a scroll of butterflies {unknown}
Potions
 d - a potion of might
 f - 2 potions of mutation {unknown}
 i - 2 potions of heal wounds {unknown}
 n - a potion of invisibility {unknown}
 o - a potion of ambrosia {unknown}
 p - 3 potions of brilliance {unknown}
 s - a potion of berserk rage {unknown}


   Skills:
 + Level 5.4 Fighting
 + Level 4.3 Maces & Flails
 + Level 5.4 Armour
 + Level 5.3 Shields


You had 6 spell levels left.
You didn't know any spells.
Your spell library contained the following spells:

 Spells                   Type           Power      Damage    Failure   Level
 Blink                    Tloc           0%         N/A       91%         2
 Lesser Beckoning         Tloc           0%         N/A       91%         2
 Momentum Strike          Conj/Tloc      0%         3d8       91%         2
 Ozocubu's Armour         Ice            0%         N/A       99%         3
 Ozocubu's Refrigeration  Ice            0%         4d7       100%        7


Dungeon Overview and Level Annotations

Branches:
Dungeon (5/15)
 Temple: D:4-7

Altars:
Ashenzari
Fedhas
Gozag
Hepliaklqana
Trog

Annotations:
D:3 2 transporters
D:5 Ijyb


Innate Abilities, Weirdness & Mutations

You are immune to sickness and miasma.
Your stone body is resilient. (AC +4)
You are immune to poison.
You resist negative energy. (rN+)
You are resistant to electric shocks. (rElec)
You are resistant to unholy torment.
You are immune to petrification.


Message History

You closely miss Ijyb.
Ijyb is severely wounded.
Ijyb hits you but does no damage.
You closely miss Ijyb.
Ijyb is severely wounded.
Ijyb hits you but does no damage. You block Ijyb's attack.
You hit Ijyb but do no damage.
Ijyb is severely wounded.
Ijyb closely misses you.
You closely miss Ijyb.
Ijyb is severely wounded.
You block Ijyb's attack.
You hit Ijyb.
Ijyb is almost dead.
Ijyb screams, "Level is mine!
All mine!"
You block Ijyb's attack.
You hit Ijyb but do no damage.
Ijyb is almost dead.
Ijyb hits you but does no damage.
You barely miss Ijyb.
Ijyb is almost dead.
Ijyb zaps a wand.
The bolt of acid hits you!
* * * LOW HITPOINT WARNING * * *
The acid corrodes you! You block Ijyb's attack.
You closely miss Ijyb.
Ijyb is almost dead.
You block Ijyb's attack.
You barely miss Ijyb.
Ijyb is almost dead.
Ijyb barely misses you.
You barely miss Ijyb.
Ijyb is almost dead.
Ijyb closely misses you.
You hit Ijyb but do no damage.
Ijyb is almost dead.
Ijyb misses you. Ijyb closely misses you.
You completely miss Ijyb.
Ijyb is almost dead.
Ijyb zaps a wand.
The bolt of acid hits you!
You die...

.... ....
#... ..#
..... ...
.... ...
#...#.#
.##...#.##
......g..#
#@.# #..#
#..# #..#
#.<#
#..#######
#.........
#..######.
#..#


You could see Ijyb.

Vanquished Creatures
  2 phantoms
  3 scorpions
  A jelly (D:5)
  A sleepcap (D:5)
  An iguana (D:5)
  2 orc wizards
  3 gnolls
  6 adders
  2 ufetubi
  2 worms (D:3)
  2 dart slugs
  7 orcs
  7 endoplasms
  4 giant cockroaches
  5 goblins
  7 hobgoblins
  2 jackals (D:2)
  5 kobolds
  3 quokkas
  4 ball pythons
  6 bats
  4 frilled lizards
  5 rats
84 creatures vanquished.

Notes
Turn   | Place    | Note
-------+----------+-------------------------------------------
     0 | D:1      | Dittersdorf the Gargoyle Fighter began the quest for the
                  | Orb.
     0 | D:1      | Reached XP level 1. HP: 14/14 MP: 1/1
    75 | D:1      | Reached XP level 2. HP: 19/19 MP: 2/2
   813 | D:2      | Reached XP level 3. HP: 21/24 MP: 3/3
  1302 | D:2      | Reached XP level 4. HP: 27/29 MP: 4/4
  1577 | D:3      | Found an opulent altar of Gozag.
  1731 | D:3      | Reached XP level 5. HP: 31/33 MP: 5/5
  1837 | D:3      | Found a broken altar of Ashenzari.
  1861 | D:3      | Noticed a black bear
  1862 | D:3      | Noticed a water moccasin
  1899 | D:3      | Found a blossoming altar of Fedhas.
  1899 | D:3      | Found a bloodstained altar of Trog.
  1899 | D:3      | Found a hazy altar of Hepliaklqana.
  1902 | D:3      | Found a transporter.
  1921 | D:3      | Found a transporter.
  2472 | D:4      | Noticed a phantom
  2484 | D:4      | Killed a phantom
  2554 | D:4      | Reached XP level 6. HP: 37/39 MP: 6/6
  3400 | D:5      | Entered Level 5 of the Dungeon
  3432 | D:5      | Reached skill level 5 in Fighting
  3432 | D:5      | Reached skill level 5 in Armour
  3462 | D:5      | Reached skill level 5 in Shields
  3462 | D:5      | Reached XP level 7. HP: 39/44 MP: 7/7
  3796 | D:5      | Noticed Ijyb
  3819 | D:5      | HP: 2/44 [Ijyb/bolt of acid (17)]
  3824 | D:5      | Killed from afar by Ijyb

Illustrated notes

Levels and vault maps discovered:
D:1:      lemuel_arrival_broad_hall, layout_loops_ring
D:2:      layout_loops_ring
D:3:      layout_rooms, mainiacjoe_overflow_big_doors,
          gammafunk_temple_overflow_arena
D:4:      layout_layer_cave, minmay_misc_feat_secret_circle, nrook_mini_vaults
D:5:      layout_loops_ring, ebering_ghost_sewer_f, serial_shops,
          nicolae_shop_window_shopping, st_stairs_11, uniq_ijyb

Skill      XL: |  1  2  3  4  5  6 |
---------------+-------------------+-----
Fighting       | 4 5 |  5.4
Armour         | 4 5 |  5.4
Shields        | 4 5 |  5.3
Maces & Flails | 3 4 |  4.3

Action                     |  1- 3 |  4- 6 |  7- 9 || total
---------------------------+-------+-------+-------++-------
  Melee: Flail             |   111 |   174 |    73 ||   358
 Armour: Scale mail        |    68 |   116 |    20 ||   204
  Dodge: Dodged            |    46 |    60 |    22 ||   128
  Block: Buckler           |    21 |    54 |    26 ||   101

Table legend: (Time is in decaauts)
 A = Elapsed time spent in this place.
 B = Non-inter-level travel time spent in this place.
 C = Inter-level travel time spent in this place.
 D = Time resting spent in this place.
 E = Time spent auto-exploring this place.
 F = Levels seen in this place.
 G = Mean time per level.
                   A        B        C        D        E       F      G
               +--------+--------+--------+--------+--------+-----+--------+
         Total |   3923 |   3782 |    141 |    333 |   2675 |   5 |  784.6 |
       Dungeon |   3923 |   3782 |    141 |    333 |   2675 |   5 |  784.6 |
               +--------+--------+--------+--------+--------+-----+--------+

Top non-repeatable levels by time:
     D:4: 1272 daAuts
     D:1: 820 daAuts
     D:2: 777 daAuts
     D:3: 625 daAuts
     D:5: 426 daAuts
